 Dungeon Crawl Stone Soup version 0.30-a0-159-g068b764562 (webtiles) character file.

Game seed: 8303711424735161705

15 spaghetti the Ruffian (level 2, -1/1 (26) HPs)
             Began as a Gnoll Reaver on Sept 28, 2022.
             Killed from afar by a dart slug (2 damage)
             ... with a slug dart
             ... on level 1 of the Dungeon.
             The game lasted 00:00:53 (168 turns).

spaghetti the Ruffian (Gnoll Reaver)                 Turns: 168, Time: 00:00:54

HP:   -1/1 (26)     AC:  3    Str: 11    XL:     2   Next: 50%
MP:   7/7           EV: 12    Int: 12    God:
Gold: 15            SH:  0    Dex: 10    Spells: 9/10 levels left

rFire   . . .      SeeInvis .      - Unarmed
rCold   . . .      Faith    .    (no shield)
rNeg    . . .      Spirit   .    a - +0 leather armour
rPois   .          Reflect  .    (no helmet)
rElec   .          Harm     .    (no cloak)
rCorr   .          Rampage  .    (no gloves)
Will    .....                    (no boots)
Stlth   +.........               (no amulet)
HPRegen 0.01/turn                (no ring)
MPRegen 0.10/turn                (no ring)

@: extremely drained
A: fangs 1, strong nose, distributed training
a: no special abilities


You were on level 1 of the Dungeon.
You visited 1 branch of the dungeon, and saw 1 of its levels.

You collected 15 gold pieces.


Innate Abilities, Weirdness & Mutations

You have very sharp teeth.
Your uncanny sense of smell can sniff out nearby items.
Your experience applies equally to all skills.


   Skills:
 + Level 4.5 Fighting
 + Level 0.5 Short Blades
 + Level 0.5 Long Blades
 + Level 0.5 Axes
 + Level 0.5 Maces & Flails
 + Level 0.5 Polearms
 + Level 0.5 Staves
 + Level 0.5 Ranged Weapons
 + Level 0.5 Throwing
 + Level 0.5 Armour
 + Level 4.5 Dodging
 + Level 0.5 Stealth
 + Level 0.5 Shields
 + Level 6.5 Unarmed Combat
 + Level 4.9 Spellcasting
 + Level 5.3 Conjurations
 + Level 0.3 Hexes
 + Level 0.3 Summonings
 + Level 0.3 Necromancy
 + Level 0.3 Translocations
 + Level 0.3 Transmutations
 + Level 0.3 Fire Magic
 + Level 0.3 Ice Magic
 + Level 0.3 Air Magic
 + Level 0.3 Earth Magic
 + Level 0.3 Poison Magic
 + Level 0.6 Invocations
 + Level 0.5 Evocations


You had 9 spell levels left.
You knew the following spells:

 Your Spells              Type           Power      Damage    Failure   Level
a - Kiss of Death         Conj/Necr      36%        2d8       9%          1

Your spell library contained the following spells:

 Spells                   Type           Power      Damage    Failure   Level
 Volcanic Tap             Conj/Fire/Erth 14%        3d8       17%         2
 Hailstorm                Conj/Ice       9%         3d4       24%         3

Inventory:

Armour
 a - a +0 leather armour (worn)
Scrolls
 c - a scroll of identify {unknown}
Potions
 b - 2 potions of curing {unknown}

Dungeon Overview and Level Annotations

Branches:
Dungeon (1/15) Zot: 5830

Altars:

Shops:
D:1

* #####
#####.....#
........#.#
#.......#.#
....r...#.#######
........#.#......
................
.###..@........
...........##..
w.####..†..##.# #
####.....#
#..#######.#####.
#.................
#.####.......###.#
#....+.......+
...#.......#


You could see a dart slug and a rat.


Message History

😎 MP[+5]
Your mp is fully restored (7). 2 jackals and a giant cockroach come into view.
The jackal barks!
You hear a bark!
There are monsters nearby!
There are monsters nearby!
There are monsters nearby!
There are monsters nearby!
The jackal barks!
You hear a bark!
A jackal comes into view.
The jackal bites you but does no damage.
You hit the jackal but do no damage. The jackal barely misses you.
The giant cockroach bites you but does no damage.
You hit the jackal. You bite the jackal, but do no damage.
The jackal bites you but does no damage.
The giant cockroach closely misses you.
You hit the jackal but do no damage.
The jackal bites you but does no damage.
The jackal closely misses you. The giant cockroach bites you.
The jackal bites you but does no damage. 😕 HP[-1]
You take 1 damage, and now have 10/11 hp.
You are too injured to fight recklessly!
You are too injured to fight recklessly!
You are too injured to fight recklessly!
You are too injured to fight recklessly!
You are too injured to fight recklessly!
You are too injured to fight recklessly!
You are too injured to fight recklessly!
You are too injured to fight recklessly!
You are too injured to fight recklessly!
You are too injured to fight recklessly!
You are too injured to fight recklessly!
You are too injured to fight recklessly!
You are too injured to fight recklessly!
You are too injured to fight recklessly!
You are too injured to fight recklessly!
You are too injured to fight recklessly!
You are too injured to fight recklessly!
You are too injured to fight recklessly!
You are too injured to fight recklessly!
You are too injured to fight recklessly!
Unknown command.
Casting: Kiss of Death (safe; 9% risk of failure)
Confirm with . or Enter, or press ? or * to list all spells.
Aiming: Kiss of Death (safe; 9% risk of failure)
Press: ? - help, Shift-Dir - straight line, f - jackal
Aim: a jackal (100% to hit)
The negative energy hits the jackal!
The jackal is drained!
You kill the jackal!
You feel drained. The giant cockroach misses you.
The jackal bites you. 😕 HP[-4] MP[-1]
You now have 7 max hp (-4).
You lost 1 mp, and now have 6/7 mp.
Casting: Kiss of Death (safe; 9% risk of failure)
Confirm with . or Enter, or press ? or * to list all spells.
Aiming: Kiss of Death (safe; 9% risk of failure)
Press: ? - help, Shift-Dir - straight line, f - jackal
Aim: a jackal (100% to hit)
The negative energy hits the jackal.
The jackal is drained!
You kill the jackal!
You feel drained. The jackal barely misses you.
The giant cockroach bites you but does no damage. 😎 HP[-3] MP[-1]
You now have 3 max hp (-4).
You lost 1 mp, and now have 5/7 mp.
Casting: Kiss of Death (safe; 9% risk of failure)
Confirm with . or Enter, or press ? or * to list all spells.
Aiming: Kiss of Death (safe; 9% risk of failure)
Press: ? - help, Shift-Dir - straight line, f - jackal
Aim: a jackal (almost dead, 100% to hit)
The negative energy hits the jackal.
The jackal is drained!
You kill the jackal!
You feel drained.
The giant cockroach bites you but does no damage. 😎 HP[-2] MP[-1]
You now have 1 max hp (-2).
You lost 1 mp, and now have 4/7 mp.
Casting: Kiss of Death (safe; 9% risk of failure)
Confirm with . or Enter, or press ? or * to list all spells.
Aiming: Kiss of Death (safe; 9% risk of failure)
Press: ? - help, Shift-Dir - straight line, f - giant cockroach
Aim: a giant cockroach (100% to hit)
The negative energy hits the giant cockroach.
The giant cockroach is drained!
You kill the giant cockroach!
You feel drained. 😎 MP[-1]
You lost 1 mp, and now have 3/7 mp.
A rat comes into view. 😎 MP[+4]
Your mp is fully restored (7).
A rat is nearby!
A rat is nearby!
A rat is nearby!
A rat is nearby!
A dart slug comes into view.
The dart slug launches a dart at you. The slug dart hits you.
Ouch! That really hurt!
You die...

Action                   || total
-------------------------++-------
Melee: Unarmed           ||     6
       Bite              ||     1
 Cast: Kiss of Death     ||     8
Armor: Leather armour    ||     7
Dodge: Dodged            ||     6

Levels and vault maps discovered:
D:1:      ebering_trefoil_twist, layout_basic,
          shapermc_ecumenical_altar_notcrosses, serial_shops, shop

Notes
Turn   | Place    | Note
-------+----------+-------------------------------------------
     0 | D:1      | spaghetti the Gnoll Reaver began the quest for the Orb.
     0 | D:1      | Reached XP level 1. HP: 20/20 MP: 6/6
     0 | D:1      | magus.rc [v1.9.6]
    15 | D:1      | Found Lycau's Assorted Antiques.
    68 | D:1      | Reached XP level 2. HP: 14/16 MP: 3/7
   168 | D:1      | Killed from afar by a dart slug

Vanquished Creatures
  2 dart slugs (D:1)
  An endoplasm (D:1)
  2 giant cockroaches (D:1)
  A hobgoblin (D:1)
  3 jackals (D:1)
9 creatures vanquished.

Table legend:
 A = Non-vault XP
 B = Vault XP
 C = Vault XP percentage of total XP
 D = Non-vault monster count
 E = Vault monster count
 F = Vault count percentage of total count
                 A         B        C        D         E       F
            +---------+---------+-------+---------+---------+-------
      Total |      22 |       0 |   0.0 |       9 |       0 |   0.0
            +---------+---------+-------+---------+---------+-------
        D:1 |      22 |       0 |   0.0 |       9 |       0 |   0.0
            +---------+---------+-------+---------+---------+-------

Illustrated notes

Table legend:
 A = Kills in this place as a percentage of kills in entire the game.
 B = Kills by you in this place as a percentage of kills by you in the entire game.
 C = Kills by friends in this place as a percentage of kills by friends in the entire game.
 D = Other kills in this place as a percentage of other kills in the entire game.
 E = Experience gained in this place as a percentage of experience gained in the entire game.
 F = Experience gained in this place divided by the number of levels of this place that you have seen.
                   A       B       C       D       E      F
               +-------+-------+-------+-------+-------+----------------------
         Total | 100.0 | 100.0 |   N/A |   N/A | 100.0 |  22.0
       Dungeon | 100.0 | 100.0 |   N/A |   N/A | 100.0 |  22.0
               +-------+-------+-------+-------+-------+----------------------

Table legend: (Time is in decaauts)
 A = Elapsed time spent in this place.
 B = Non-inter-level travel time spent in this place.
 C = Inter-level travel time spent in this place.
 D = Time resting spent in this place.
 E = Time spent auto-exploring this place.
 F = Levels seen in this place.
 G = Mean time per level.
                   A        B        C        D        E       F      G
               +--------+--------+--------+--------+--------+-----+--------+
         Total |    168 |    168 |      0 |     42 |     96 |   1 |  168.0 |
       Dungeon |    168 |    168 |      0 |     42 |     96 |   1 |  168.0 |
               +--------+--------+--------+--------+--------+-----+--------+

Top non-repeatable levels by time:
     D:1: 168 daAuts
